 Dungeon Crawl Stone Soup version bcrawl-1.21.2-28-g2cb1824106 (webtiles) character file.

Game seed: 3528150333847074945

50670 Banto the Transcendent (level 14, -2/121 HPs)
             Began as a Demigod Wanderer on Mar 5, 2020.
             Slain by a seven-headed hydra (12 damage)
             ... on level 6 of the Lair of Beasts.
             The game lasted 00:38:54 (24117 turns).

Banto the Transcendent (Demigod Wanderer)          Turns: 24117, Time: 00:38:54

Health: -2/121     AC: 11    Str: 22    XL:     14   Next: 20%
Magic:  0/27       EV: 19    Int: 16    God:    Demigod [*****.]
Gold:   509        SH:  6    Dex: 24    Spells: 13/13 levels left

rFire    . . .     SeeInvis .   b - +0 whip (elec)
rCold    . . .     Gourm    .   P - +0 buckler {reflect}
rNeg     + . .     Faith    .   M - +3 scale mail of Hide-and-Seek {rN+ Slay+5}
rPois    .         Spirit   +   D - +2 hat
rElec    .         Reflect  +   r - +1 cloak (curse)
rCorr    +         Harm     .   O - +2 pair of gloves
MR       +++..                  A - +2 pair of boots
Stlth    +.........             K - amulet of Bodily Harmony {Spirit MR++ Dex+4}
HPRegen  0.30/turn              G - ring of resist corrosion
MPRegen  0.20/turn              p - +2 ring of slaying

@: lethally poisoned (-2 -> -17), corroded
A: agile 1, dopey 1, high mp 1, strong 1
a: Temporal Distortion, Growth, Major Destruction, Heroism, Divine Shield


You were on level 6 of the Lair of Beasts.
You worshipped Demigod.
Demigod was extremely pleased with you.
You were not hungry.

You visited 3 branches of the dungeon, and saw 17 of its levels.
You also visited: Sewer, Ossuary and Gauntlet.

You collected 1174 gold pieces.
You spent 665 gold pieces at shops.

Inventory:

Hand Weapons
 a - a +4 mace
 b - a +0 whip of electrocution (weapon)
Armour
 r - a cursed +1 cloak (worn)
 A - a +2 pair of boots (worn)
 D - a +2 hat (worn)
 M - the +3 scale mail of Hide-and-Seek (worn) {rN+ Slay+5}
   (You bought it in a shop on level 9 of the Dungeon)

   It affects your accuracy and damage with ranged weapons and melee attacks
   (+5).
   It protects you from negative energy.
 O - a +2 pair of gloves (worn)
 P - a +0 buckler of reflection (worn)
Jewellery
 h - an uncursed ring of protection from magic
 p - a +2 ring of slaying (right hand)
 x - an uncursed ring of poison resistance
 z - an uncursed ring of positive energy
 G - a ring of resist corrosion (left hand)
 K - the amulet of Bodily Harmony (around neck) {Spirit MR++ Dex+4}
   (You found it on level 2 of the Lair of Beasts)

   [amulet of guardian spirit]

   It causes incoming damage to be split between your health and magic.
   It affects your dexterity (+4).
   It affects your resistance to hostile enchantments.
Wands
 k - a wand of random effects (8)
 y - a wand of flame (7)
 F - a wand of digging (24)
 H - a wand of polymorph (7)
 L - a wand of paralysis (15)
Scrolls
 i - 3 scrolls of enchant weapon
 j - 4 scrolls of magic mapping
 n - a scroll of amnesia
 o - a scroll of immolation
 u - 3 scrolls of enchant armour
 w - 4 scrolls of remove curse
 C - a scroll of teleportation
Potions
 f - 2 potions of haste
 g - a potion of brilliance
 l - 7 potions of heal wounds
 m - 6 potions of curing
 q - a potion of berserk rage
 s - 2 potions of might
 t - a potion of flight
 v - 2 potions of cancellation
 B - 7 potions of agility
 E - a potion of lignification
 I - 3 potions of mutation
Miscellaneous
 N - a sack of spiders
Comestibles
 c - a chunk of flesh
 e - 33 rations {!d}


   Skills:
 + Level 10.2 Fighting
   Level 1.7(7.9) Axes
 - Level 11.9(12.0) Maces & Flails
   Level 1.0 Bows
 - Level 1.0 Throwing
 + Level 10.1 Armour
 + Level 10.2 Dodging
 - Level 4.0 Shields
 - Level 12.5 Invocations


You had 13 spell levels left.
You didn't know any spells.
Your spell library contained the following spells:

 Spells                   Type           Power        Failure   Level  Hunger
 Summon Small Mammal      Summ           #...         50%         1    ##.....
 Call Imp                 Summ           #.....       63%         2    ###....
 Poisonous Vapours        Pois/Air       #.....       63%         2    ###....
 Call Canine Familiar     Summ           #.......     86%         3    ####...
 Conjure Flame            Conj/Fire      #.......     86%         3    ####...
 Mephitic Cloud           Conj/Pois/Air  #.......     86%         3    ####...
 Summon Ice Beast         Ice/Summ       #.......     99%         4    #####..
 Iskenderun's Battlesphe  Conj/Chrm      #.......     100%        5    ######.
 Summon Lightning Spire   Summ/Air       #.......     100%        5    ######.
 Freezing Cloud           Ice/Air        #.........   100%        6    #######
 Iron Shot                Conj/Erth      #.........   100%        6    #######
 Poison Arrow             Conj/Pois      #.........   100%        6    #######
 Steam Barrier            Chrm/Fire      #.........   100%        6    #######
 Orb of Destruction       Conj           #.........   100%        7    #######
 Spellforged Servitor     Conj/Summ      #.........   100%        7    #######


Dungeon Overview and Level Annotations

Branches:
Dungeon (10/12)            Temple (1/1) D:5            Lair (6/6) D:9
 Shoals (0/3) Lair:2        Snake (0/3) Lair:2          Orc (0/1) D:9
  Slime: Lair:5-6

Shops:
D:5 }   D:9 [   D:10 %

Annotations:
D:10 2 transporters, Anmu's ghost, journeyman FrCj
Lair:4 1 runed door
Lair:5 1 runed translucent door, yrara's ghost, journeyman DsFi


Innate Abilities, Weirdness & Mutations

You have an increased reservoir of magic. (+10% MP)
You are agile. (Dex +2)
You are dopey. (Int -2)
Your muscles are strong. (Str +2)


Message History

The seven-headed hydra misses you.
The seven-headed hydra bites you but does no damage.
The seven-headed hydra barely misses you.
The seven-headed hydra closely misses you.
You hit the seven-headed hydra.
The seven-headed hydra is almost dead.
You feel sick.
You hit the seven-headed hydra.
The seven-headed hydra is almost dead.
You feel sick.
The seven-headed hydra barely misses you.
You block the seven-headed hydra's attack.
The seven-headed hydra barely misses you.
The seven-headed hydra bites you!
* * * LOW HITPOINT WARNING * * *
The seven-headed hydra bites you but does no damage.
The seven-headed hydra closely misses you.
The seven-headed hydra bites you!
You die...
Your divinity fades.

### # ######.## ## ###
###P..##..###≈
#@###....###.....≈ ### ###
##D##............≈
....#..##.#a..÷...........
.......#..............#†..
............†....P......÷.
.....#...................#
.....m.........P.......###
. .....≈.....##≈≈...#..#
≈≈.≈≈≈.≈≈≈..≈≈.≈....####


You could see a seven-headed hydra and a soldier ant.

Vanquished Creatures
  2 entropy weavers (Lair:6)
  4 hydras
  A catoblepas (Lair:6)
  A merfolk avatar (Lair:6)
  5 death yaks (Lair:5)
  Sonja (Lair:2)
  Nergalle (Lair:2)
  A cyclops (D:7)
  A harpy (Lair:6)
  A wolf spider (Lair:4)
  A manticore (Lair:4)
  26 elephants
  2 black mambas
  11 cane toads
  3 rime drakes
  11 komodo dragons
  A troll (D:8)
  6 polar bears
  A queen bee (Lair:4)
  5 blink frogs (Lair:6)
  8 hippogriffs
  A dream sheep (Lair:4)
  2 spriggans
  A vampire (D:10)
  32 yaks
  4 wyverns
  A wraith (D:10)
  2 basilisks
  2 hungry ghosts
  2 nagas (Lair:2)
  Duvessa (D:5)
  15 crocodiles
  8 soldier ants (Lair:6)
  4 water moccasins
  10 porcupines
  3 orc warriors (D:6)
  4 sky beasts
  An eye of draining (D:7)
  Purgy (Sewer)
  2 black bears
  A hornet zombie (D:8)
  2 ice beasts
  4 phantoms
  6 wolves
  2 ogres
  2 centaurs
  19 bullfrogs
  An elf zombie (Ossuary)
  A big kobold (D:6)
  A wyvern skeleton (D:8)
  Dowan (D:5)
  2 scorpions
  A water moccasin skeleton (D:6)
  19 killer bees (Lair:4)
  A vampire bat (Lair:6)
  12 wights
  4 howler monkeys
  An electric eel (Lair:3)
  5 crimson imps
  3 jellies
  2 quasits (D:7)
  3 centaur zombies
  4 bullfrog zombies
  2 hounds
  Crazy Yiuf (D:2)
  2 human zombies (Ossuary)
  6 orc priests
  11 orc wizards
  2 bullfrog skeletons (D:5)
  A centaur skeleton (D:4)
  5 iguanas
  4 hell rats (Lair:5)
  7 worker ants
  2 big kobold zombies (Ossuary)
  2 hound skeletons
  2 mummies (Ossuary)
  2 worker ant zombies
  12 adders
  2 shadow imps
  A white imp (D:7)
  An ooze (D:2)
  2 adder zombies
  2 adder skeletons
  3 worms
  4 dart slugs
  6 leopard geckos
  38 orcs
  6 giant cockroaches
  5 goblins
  15 hobgoblins
  15 jackals
  2 quokkas (D:4)
  A ball python (D:3)
  3 bats
  6 frilled lizards
  3 goblin zombies
  10 hobgoblin zombies
  A jackal skeleton (D:4)
  A jackal zombie (Ossuary)
  16 kobolds
  10 kobold zombies (Ossuary)
  An orc skeleton (D:7)
  8 orc zombies (Ossuary)
  A quokka skeleton (D:5)
  4 rats
  2 rat zombies (Ossuary)
516 creatures vanquished.

Vanquished Creatures (others)
  An orc (D:5)
  31 fungi
  42 plants
  5 toadstools (Lair:4)
79 creatures vanquished.

Grand Total: 595 creatures vanquished

Notes
Turn   | Place    | Note
-------+----------+-------------------------------------------
     0 | D:1      | Banto the Demigod Wanderer began the quest for the Orb.
     0 | D:1      | Banto set off with the following items: a +0 dagger, a
                  | potion of agility, a +0 buckler, a +2 scale mail, a ration
                  | {!d}
     0 | D:1      | Reached XP level 1. HP: 17/17 MP: 3/3
  1093 | D:1      | Reached skill level 1 in Invocations
  1129 | D:1      | Reached XP level 2. HP: 24/24 MP: 5/5
  1693 | D:2      | Found a runed door.
  1800 | D:2      | Reached XP level 3. HP: 29/29 MP: 6/6
  1857 | D:2      | Reached skill level 2 in Invocations
  2166 | D:2      | Reached * piety under Demigod
  2860 | D:2      | Noticed Crazy Yiuf
  2870 | D:2      | Killed Crazy Yiuf
  2870 | D:2      | Reached XP level 4. HP: 10/36 MP: 8/8
  3226 | D:3      | Reached skill level 3 in Invocations
  3395 | D:3      | Reached XP level 5. HP: 23/41 MP: 10/10
  3853 | D:3      | Reached skill level 4 in Invocations
  4248 | D:3      | Reached XP level 6. HP: 41/48 MP: 10/12
  4494 | D:4      | Gained mutation: You have a pair of small horns on your
                  | head. [potion of mutation]
  4494 | D:4      | Gained mutation: You have a pair of horns on your head.
                  | [potion of mutation]
  4494 | D:4      | Gained mutation: You are agile. (Dex +2) [potion of
                  | mutation]
  4717 | D:4      | Found a corrupted altar of Lugonu.
  4723 | D:4      | Reached skill level 5 in Invocations
  4968 | D:4      | Lost mutation: You are agile. (Dex +2) [potion of mutation]
  4968 | D:4      | Lost mutation: You have a pair of horns on your head.
                  | [potion of mutation]
  4968 | D:4      | Lost mutation: You have a pair of small horns on your head.
                  | [potion of mutation]
  4968 | D:4      | Gained mutation: You are agile. (Dex +2) [potion of
                  | mutation]
  4968 | D:4      | Gained mutation: You are dopey. (Int -2) [potion of
                  | mutation]
  4968 | D:4      | Gained mutation: Your muscles are strong. (Str +2) [potion
                  | of mutation]
  5013 | D:4      | Reached XP level 7. HP: 53/53 MP: 14/14
  5060 | D:4      | Found an iron altar of Okawaru.
  5354 | D:4      | Reached skill level 5 in Armour
  5428 | D:4      | Reached skill level 6 in Invocations
  5748 | D:5      | Entered Level 5 of the Dungeon
  5749 | D:5      | Found Oniolod's Gadget Boutique.
  5811 | D:5      | Reached skill level 1 in Maces & Flails
  5844 | D:5      | Found a shimmering altar of Xom.
  5857 | D:5      | Reached ** piety under Demigod
  5865 | D:5      | Found a sand-covered staircase.
  5892 | D:5      | Reached skill level 7 in Invocations
  6176 | Ossuary  | Entered an ossuary
  6461 | Ossuary  | Reached XP level 8. HP: 59/60 MP: 16/16
  6512 | Ossuary  | Reached *** piety under Demigod
  6840 | D:5      | Found a staircase to the Ecumenical Temple.
  6884 | D:5      | Reached skill level 5 in Maces & Flails
  7153 | D:5      | Noticed Dowan
  7181 | D:5      | Killed Dowan
  7261 | D:5      | Noticed Duvessa
  7277 | Temple   | Entered the Ecumenical Temple
  7437 | D:5      | Killed Duvessa
  7992 | D:6      | Found a blossoming altar of Fedhas.
  8420 | D:6      | Noticed a hippogriff
  8436 | D:6      | Killed a hippogriff
  8436 | D:6      | Reached XP level 9. HP: 50/67 MP: 16/18
  8592 | D:6      | Found a glowing drain.
  8612 | Sewer    | Entered a sewer
  8615 | Sewer    | Noticed Purgy
  8623 | Sewer    | Killed Purgy
  8774 | D:6      | Reached skill level 8 in Invocations
  8880 | D:6      | Reached **** piety under Demigod
  9152 | D:6      | Reached skill level 9 in Invocations
 10044 | D:6      | Reached skill level 10 in Invocations
 10774 | D:7      | Noticed a cyclops
 10788 | D:7      | Reached XP level 10. HP: 48/73 MP: 21/21
 11591 | D:7      | Found a glowing golden altar of the Shining One.
 11893 | D:7      | Found a shimmering altar of Xom.
 11893 | D:7      | Found a stormy altar of Qazlal.
 12092 | D:8      | Reached skill level 11 in Invocations
 12251 | D:7      | Killed a cyclops
 12588 | D:8      | Found a hide-covered altar of Uskayaw.
 12681 | D:8      | Found a shimmering blue altar of Sif Muna.
 12802 | D:8      | Reached skill level 10 in Maces & Flails
 12859 | D:8      | Reached skill level 12 in Invocations
 13460 | D:9      | Reached ***** piety under Demigod
 13817 | D:9      | Found a staircase to the Lair.
 14065 | D:9      | Reached XP level 11. HP: 62/79 MP: 24/24
 14424 | D:9      | Found Ralodo's Armour Shoppe.
 14460 | D:9      | Found a staircase to the Orcish Mines.
 14489 | D:10     | Entered Level 10 of the Dungeon
 14509 | D:10     | Found a transporter.
 14510 | D:10     | Noticed Anmu's ghost (journeyman FrCj)
 14510 | D:10     | Noticed a two-headed ogre
 14511 | D:10     | Identified the +11 dire flail of Guilt {chaos, rC- Int-3
                  | Dex+10}
 14511 | D:10     | Noticed a two-headed ogre
 14515 | D:10     | Found a transporter.
 14585 | D:10     | Found an iron altar of Okawaru.
 14615 | D:10     | Found Gias's Food Shop.
 14810 | D:10     | Got an ichor-stained flail
 14889 | D:10     | Identified the +0 flail of Inference {holy, Int+4} (You
                  | found it on level 10 of the Dungeon)
 15006 | Lair:1   | Entered Level 1 of the Lair of Beasts
 15385 | Lair:1   | Found a sacrificial altar of Ru.
 16338 | Lair:2   | Noticed an eight-headed hydra
 16360 | Lair:2   | Killed an eight-headed hydra
 16360 | Lair:2   | Reached skill level 5 in Fighting
 16604 | Lair:2   | HP: 4/89 [bullfrog (1)]
 16613 | Lair:2   | HP: 1/89 [wolf (5)]
 16616 | Lair:2   | Found a staircase to the Shoals.
 16969 | Lair:2   | Noticed Sonja
 17048 | Lair:2   | Got a transparent crystal amulet
 17054 | Lair:2   | Identified the amulet of Bodily Harmony {Spirit MR++ Dex+4}
                  | (You found it on level 2 of the Lair of Beasts)
 17650 | Lair:2   | Killed Sonja
 17698 | Lair:2   | Found a staircase to the Snake Pit.
 18052 | Lair:2   | Identified the +3 quarterstaff of Murhiudd {protect,
                  | Stlth+}
 18052 | Lair:2   | Noticed Nergalle
 18076 | Lair:2   | Killed Nergalle
 18168 | D:9      | Bought the +3 scale mail of Hide-and-Seek {rN+ Slay+5} for
                  | 665 gold pieces
 18258 | Lair:3   | Found a glowing silver altar of Zin.
 18331 | Lair:3   | Reached XP level 12. HP: 84/101 MP: 19/25
 18912 | Lair:3   | Found a gate leading to a gauntlet.
 18921 | Gauntlet | Entered a Gauntlet
 18921 | Gauntlet | Found a transporter.
 18921 | Gauntlet | Found a transporter.
 19061 | Gauntlet | Found a transporter.
 19079 | Gauntlet | Found a transporter.
 19096 | Gauntlet | Found a transporter.
 19116 | Gauntlet | Found a transporter.
 19133 | Gauntlet | Found a transporter.
 19136 | Gauntlet | Found a transporter.
 19136 | Gauntlet | Found a transporter.
 19145 | Gauntlet | Found a transporter.
 19704 | Lair:4   | Noticed an eight-headed hydra
 19716 | Lair:3   | Reached skill level 10 in Fighting
 19734 | Lair:4   | Killed an eight-headed hydra
 20510 | Lair:4   | Reached XP level 13. HP: 40/113 MP: 14/26
 21175 | Lair:4   | Reached skill level 10 in Armour
 21273 | Lair:4   | Reached skill level 1 in Dodging
 21650 | Lair:4   | Found a runed door.
 21910 | Lair:5   | Found a runed translucent door.
 21917 | Lair:5   | Noticed yrara's ghost (journeyman DsFi)
 22208 | Lair:5   | Reached skill level 5 in Dodging
 22352 | Lair:5   | Reached ****** piety under Demigod
 22807 | Lair:6   | Entered Level 6 of the Lair of Beasts
 23016 | Lair:6   | Noticed an entropy weaver
 23681 | Lair:6   | Reached XP level 14. HP: 69/121 MP: 16/27
 24051 | Lair:6   | Noticed an entropy weaver
 24064 | Lair:6   | Killed an entropy weaver
 24064 | Lair:6   | Reached skill level 10 in Dodging
 24097 | Lair:6   | Killed an entropy weaver
 24117 | Lair:6   | Slain by a seven-headed hydra

Skill      XL: |  1  2  3  4  5  6  7  8  9 10 11 12 13 14 |
---------------+-------------------------------------------+-----
Invocations    | 1 2 3 4 5 7 10 12 | 12.5
Armour         | 3 4 5 9 10 | 10.1
Shields        | 2 3 4 |  4.0
Maces & Flails | 3 7 9 11 | 11.9
Fighting       | 8 10 | 10.2
Dodging        | 9 10 | 10.2
Axes           | |  1.7
Bows           | |  1.0
Throwing       | |  1.0

Action                   |  1- 3 |  4- 6 |  7- 9 | 10-12 | 13-15 || total
-------------------------+-------+-------+-------+-------+-------++-------
Melee: Dagger            |   194 |       |       |       |       ||   194
       Mace              |    36 |   156 |   579 |    15 |       ||   786
       Headbutt          |       |     5 |       |       |       ||     5
       Flail             |       |       |   113 |       |       ||   113
       Whip              |       |       |   102 |   865 |   673 ||  1640
Invok: Major Destruction |       |       |     4 |    14 |     4 ||    22
       Growth            |       |       |       |     1 |       ||     1
       Heroism           |       |       |       |     2 |     1 ||     3
       Divine Shield     |       |       |       |     1 |       ||     1
       Smiting           |       |       |       |       |     6 ||     6
Evoke: Wand              |       |       |     5 |    19 |     7 ||    31
  Use: Scroll            |       |    10 |     4 |    13 |     3 ||    30
       Potion            |       |     2 |       |     1 |     1 ||     4
 Stab: Paralysed         |       |       |       |       |     3 ||     3
  Eat: Chunk             |     6 |     7 |    19 |    27 |    13 ||    72
       Ration            |       |       |     1 |     1 |       ||     2
Armor: Scale mail        |    94 |    78 |   441 |   270 |   187 ||  1070
Dodge: Dodged            |    98 |    60 |   295 |   224 |   222 ||   899
Block: Buckler           |     3 |    45 |   212 |   154 |   120 ||   534
